Unix NetHack Version 3.7.0-59 Work-in-progress - last build May 31 2022 12:28:31 (9682f85d67e5dc958826419965e067e47ead9563,branch:master). Game began 2022-06-01 07:15:33, ended 2022-06-01 10:57:59. ichbinmiah, neutral male human Ranger -------------------------- |.......................>| |.----------------%......| |.| ------.------- |%| |...........| |.| |...........| |.| |----.-------- |.| |............| |0| |............| |@|------ --------.----- |T|.$...|-- |..........| |.|.%$$.-.| |..........| |.|...$$|-| --.........| |....$$$+.| ----.------- --|)%..$|-| |......0.| |...$$.?| |......0.| |...$$|-- ------...| ------- ----- Ichbinmiah the Reconnoiterer St:17 Dx:11 Co:16 In:13 Wi:14 Ch:8 Neutral Dlvl:3 $:24 HP:0(57) Pw:66(66) AC:-4 Xp:10/5828 T:11777 Latest messages: You hit the troll! The troll hits! The troll hits! The troll bites! You hit the troll! You hear some noises. The troll hits! The troll hits! The troll bites! You hit the troll. The troll hits! The troll hits! The troll bites! What do you want to read? [AK or ?*] As you read the scroll, it disappears. The ceiling rumbles above you! The troll is hit by a boulder! You are hit by a boulder! Fortunately, you are wearing a hard helmet. The troll zaps a wand of create monster! You hit the troll. The troll zaps a wand of create monster! You hit the troll. The troll zaps a wand of create monster! You kill the troll! What do you want to zap? [vFIJSTY or ?*] In what direction? The wall glows then fades. What do you want to use or apply? [bpuvFGIJSTY or ?*] You now wield a pick-axe named uncursed. In what direction do you want to dig? [47896321>] You continue hitting the boulder. You hit the boulder with all your might. You stop digging. The troll rises from the dead! What do you want to wield? [- acmpuHPQ or ?*] a - an uncursed +1 dagger (weapon in hand). The troll misses! The troll misses! The troll bites! You hit the troll! The troll hits! The troll hits! The troll bites! You die... Do you want your possessions identified? [ynq] (y) Do you want to see your attributes? [ynq] (y) Do you want an account of creatures vanquished? [ynaq] (y) Do you want to see your conduct and achievements? [ynq] (y) Do you want to see the dungeon overview? [ynq] (y) Major events: Turn 1: ichbinmiah the neutral male human Ranger entered the dungeon 841: entered the Gnomish Mines 908: attained the rank of Lookout (level 3) 5619: entered Sokoban 5839: attained the rank of Trailblazer (level 6) 6146: completed sokoban 1 6842: completed sokoban 2 8853: completed sokoban 3 10819: completed sokoban 4 11180: attained the rank of Reconnoiterer (level 10) 11777: killed by a troll Inventory: Coins $ - 24 gold pieces Weapons H - 2 uncursed +2 arrows (in quiver) c - an uncursed +1 bow (alternate weapon; not wielded) a - an uncursed +1 dagger (weapon in hand) P - an uncursed +0 knife m - an uncursed +2 orcish dagger named uncursed Q - a cursed -1 long sword Armor t - an uncursed +0 dwarvish iron helm (being worn) W - a cursed -2 pair of fumble boots w - an uncursed +0 pair of iron shoes (being worn) V - an uncursed +0 elven shield (being worn) e - an uncursed burnt +2 cloak of displacement (being worn) z - an uncursed +0 dwarvish mithril-coat (being worn) Comestibles Z - an uncursed pomegranate x - an uncursed food ration D - an uncursed lizard corpse Scrolls A - an uncursed scroll of food detection Potions X - an uncursed potion of healing Rings L - an uncursed ring of free action C - a cursed ring of invisibility Wands F - a cursed wand of cancellation named writing vanishes (0:6) T - an uncursed wand of digging (0:5) J - an uncursed wand of digging (0:1) Y - an uncursed wand of enlightenment (0:12) v - an uncursed wand of lightning named empty (0:0) I - an uncursed wand of locking named nothing happens (0:3) S - an uncursed wand of striking (0:6) Tools p - an uncursed +0 pick-axe named uncursed G - an uncursed tin whistle b - an uncursed towel named uncursed u - an uncursed +0 unicorn horn Gems/Stones f - an uncursed worthless piece of yellow glass Ichbinmiah the Ranger's attributes: Background: You were a Reconnoiterer, a level 10 male human Ranger. You were neutral, nominally on a mission for Venus who was opposed by Mercury (lawful) and Mars (chaotic). You were in Sokoban, on level 3. You entered the dungeon 11777 turns ago. There was a new moon in effect when your adventure ended. You had 5828 experience points, 4172 more were needed to attain level 11. Basics: You had 0 out of 57 hit points. You had all 66 energy points (spell power). Your armor class was -4. Your wallet contained 24 zorkmids. Autopickup was on for '$?!/="+*' plus thrown, with exceptions. Final Characteristics: Your strength was 17 (limit:18/100). Your dexterity was 11 (limit:18). Your constitution was 16 (limit:18). Your intelligence was 13 (limit:18). Your wisdom was 14 (limit:18). Your charisma was 8 (limit:18). Final Status: You were not hungry. You were unencumbered. You were wielding a dagger. You were skilled in dagger. Final Attributes: You were piously aligned. You had automatic searching. You were displaced. You were stealthy. You were guarded. You are dead. Miscellaneous: You never encountered a bones level. Total elapsed playing time was 2 hours, 21 minutes and 23 seconds. Vanquished creatures: 2 giant mimics a wumpus a small mimic a xan a quantum mechanic a troll a sasquatch a gelatinous cube a pyrolisk a large dog 2 flaming spheres 2 gargoyles 2 tengu a wraith 2 ettin zombies a Grey-elf 2 giant beetles 2 quivering blobs a cockatrice 2 lynxes 4 leprechauns 3 scorpions a horse a black light a vampire bat 2 ogres a yeti 3 lizards 5 chickatrices a dingo a dwarf leader a blue jelly a black unicorn a dust vortex a gnome mummy 3 snakes 3 Woodland-elves 2 soldier ants a fire ant a quasit 2 water nymphs an Uruk-hai an orc shaman 5 rock piercers a fog cloud a yellow light a shrieker a violet fungus a golden naga hatchling 2 gray oozes a barrow wight a paper golem 10 giant ants 5 floating eyes a kitten 5 dwarves 3 kobold leaders a kobold shaman 6 rothes 3 rabid rats 2 centipedes 2 giant bats a monkey a dwarf zombie a wererat 2 werejackals 5 iguanas 4 acid blobs 4 coyotes a gas spore 12 manes a large kobold 3 hobgoblins 5 giant rats 2 cave spiders 2 brown molds a yellow mold 2 green molds 8 gnomes 2 garter snakes a gnome zombie 6 geckos 13 jackals 2 foxes 5 goblins 9 grid bugs a bat 4 lichens 2 kobold zombies 15 newts 236 creatures vanquished. No species were genocided or became extinct. Voluntary challenges: You were an atheist. You read items or engraved 20 times. You engraved Elbereth 12 times. You never genocided any monsters. You never polymorphed an object. You never changed form. You used no wishes. You did not violate any of the special Sokoban rules. Achievements: You entered the Gnomish Mines. You attained the rank of Lookout. You entered a shop. You entered Sokoban. You attained the rank of Trailblazer. You attained the rank of Reconnoiterer. The Dungeons of Doom: levels 1 to 8 Level 1: A fountain. Level 2: A sink, a grave. Stairs down to The Gnomish Mines. Level 3: A shop. Level 4: Level 5: A fountain. Level 6: Many fountains. Oracle of Delphi. Level 7: "vault" Stairs up to Sokoban, level 6. Level 8: The Gnomish Mines: Level 3: Sokoban: levels 6 up to 3 Level 3: <- You were here. Solved. Final resting place for you, killed by a troll. Level 4: Solved. Level 5: Solved. Level 6: Solved. Game over: ---------- / \ / REST \ / IN \ / PEACE \ / \ | ichbinmiah | | 24 Au | | killed by a | | troll | | | | | | 2022 | *| * * * | * _________)/\\_//(\/(/\)/\//\/|_)_______ Goodbye ichbinmiah the Ranger... You died in Sokoban on dungeon level 3 with 13834 points, and 24 pieces of gold, after 11777 moves. You were level 10 with a maximum of 57 hit points when you died.